 Dungeon Crawl Stone Soup version 0.29-a0-620-g13ace881f2 (webtiles) character file.

Game seed: 7693014450109703582

23 Ashiichan the Gusty (level 3, 0/19 HPs)
             Began as a Tengu Air Elementalist on June 12, 2022.
             Slain by Ijyb
             ... wielding a +0 dagger
              (3 damage)
             ... on level 3 of the Dungeon on June 18, 2022.
             The game lasted 00:17:01 (1562 turns).

Ashiichan the Gusty (Tengu Air Elementalist)        Turns: 1562, Time: 00:17:01

Health: 0/19       AC:  2    Str:  8    XL:     3   Next: 0%
Magic:  1/7        EV: 12    Int: 17    God:
Gold:   92         SH:  0    Dex: 14    Spells: 5/6 levels left

rFire   . . .      SeeInvis .   (no weapon)
rCold   . . .      Faith    .   (no shield)
rNeg    . . .      Spirit   .   a - +0 robe
rPois   .          Reflect  .   (helmet restricted)
rElec   .          Harm     .   (no cloak)
rCorr   .          Rampage  .   (no gloves)
Will    .....                   (boots unavailable)
Stlth   ++........              (no amulet)
HPRegen 0.06/turn               (no ring)
MPRegen 0.10/turn               (no ring)

@: no status effects
A: beak, talons 3
a: no special abilities


You were on level 3 of the Dungeon.
You visited 1 branch of the dungeon, and saw 3 of its levels.

You collected 92 gold pieces.

Inventory:

Hand Weapons
 f - a +0 whip
Armour
 a - a +0 robe (worn)
Magical Staves
 d - a staff of cold
Scrolls
 c - a scroll of torment {unknown}
 e - a scroll of enchant weapon {unknown}
 g - a scroll of teleportation {unknown}
 h - a scroll of blinking {unknown}
 i - a scroll of identify {unknown}
Potions
 b - a potion of magic
 j - a potion of mutation {unknown}
 k - a potion of curing {unknown}


   Skills:
 - Level 2.1 Dodging
 - Level 2.0 Stealth
 + Level 2.4 Spellcasting
 + Level 2.4 Conjurations
 + Level 4.5 Air Magic


You had 5 spell levels left.
You knew the following spells:

 Your Spells              Type           Power      Damage    Failure   Level
a - Shock                 Conj/Air       52%        1d6       4%          1

Your spell library contained the following spells:

 Spells                   Type           Power      Damage    Failure   Level
 Static Discharge         Conj/Air       13%        N/A       7%          2
 Swiftness                Air            17%        N/A       9%          3
 Airstrike                Air            8%         N/A       28%         4
 Malign Gateway           Summ/Tloc      1%         N/A       100%        7
 Summon Horrible Things   Summ           1%         N/A       100%        8


Dungeon Overview and Level Annotations

Branches:
Dungeon (3/15)

Altars:

Shops:
D:2 *

Annotations:
D:3 1 runed translucent door, Crazy Yiuf, Ijyb


Innate Abilities, Weirdness & Mutations

You have a beak for a mouth.
You have claws for feet.


Message History

The zap hits the endoplasm.
You kill the endoplasm!
The zap hits Ijyb.
Ijyb is moderately wounded.
You have reached level 3!
Your experience leads to an increase in your attributes!
Increase (S)trength, (I)ntelligence, or (D)exterity?
You feel clever. x2
Aiming: Shock (safe; 4% risk of failure)
Press: ? - help, Q - select action Shift-Dir - straight line, f/p - Ijyb
Aim: Ijyb, wielding a +0 dagger, wearing a +1 leather armour of fire resistance and carrying a wand of iceblast (12) (moderately wounded, 60% to hit)
The zap hits Ijyb.
Ijyb is heavily wounded.
Aiming: Shock (safe; 4% risk of failure)
Press: ? - help, Q - select action Shift-Dir - straight line, f/p - Ijyb
Aim: Ijyb, wielding a +0 dagger, wearing a +1 leather armour of fire resistance and carrying a wand of iceblast (12) (heavily wounded, 60% to hit)
The zap hits Ijyb.
Ijyb is severely wounded.
Aiming: Shock (safe; 4% risk of failure)
Press: ? - help, Q - select action Shift-Dir - straight line, f/p - Ijyb
Aim: Ijyb, wielding a +0 dagger, wearing a +1 leather armour of fire resistance and carrying a wand of iceblast (12) (severely wounded, 60% to hit)
The zap misses Ijyb.
Ijyb barely misses you. Ijyb hits you with a +0 dagger.
Aiming: Shock (safe; 4% risk of failure)
Press: ? - help, Q - select action Shift-Dir - straight line, f/p - Ijyb
Aim: Ijyb, wielding a +0 dagger, wearing a +1 leather armour of fire resistance and carrying a wand of iceblast (12) (heavily wounded, 60% to hit)
Okay, then.
Ijyb attacks as you move away! Ijyb hits you with a +0 dagger.
* * * LOW HITPOINT WARNING * * *
Aiming: Shock (safe; 4% risk of failure)
Press: ? - help, Q - select action Shift-Dir - straight line, p - Ijyb The zap hits Ijyb but does no damage.
Ijyb is heavily wounded.
The zap hits Ijyb.
Ijyb is severely wounded.
Ijyb misses you.
You don't have enough magic to cast this spell.
Ijyb attacks as you move away! Ijyb hits you with a +0 dagger.
You die...

#.## # #.# ...
#.#
.....########.#
..............#
##.#.####.#####
#.# ####g#
..##@# #.##.#
#.##.# #.##.#
##.##.#
.######...#.#
.......<....#
#######...###
##.##


You could see Ijyb.

Vanquished Creatures
  A worm (D:2)
  3 dart slugs
  2 bats (D:2)
  3 endoplasms
  A goblin (D:2)
  A quokka (D:2)
  A ball python (D:1)
  A frilled lizard (D:2)
  A rat (D:2)
14 creatures vanquished.

Notes
Turn   | Place    | Note
-------+----------+-------------------------------------------
     0 | D:1      | Ashiichan the Tengu Air Elementalist began the quest for
                  | the Orb.
     0 | D:1      | Reached XP level 1. HP: 10/10 MP: 4/4
   179 | D:1      | You fall into a shaft and drop 1 floor!
   229 | D:2      | Upgraded the game from 0.29-a0-565-g7a16c6de65 to
                  | 0.29-a0-620-g13ace881f2
   502 | D:2      | Found Houraaha's Assorted Antiques.
   554 | D:2      | Reached XP level 2. HP: 14/15 MP: 3/6
  1500 | D:3      | Found a runed translucent door.
  1503 | D:3      | Noticed Crazy Yiuf
  1547 | D:3      | Noticed Ijyb
  1554 | D:3      | Reached XP level 3. HP: 9/19 MP: 4/7
  1562 | D:3      | Slain by Ijyb

Illustrated notes

Levels and vault maps discovered:
D:1:      dpeg_arrival_orchard, layout_basic,
          dreamdust_ecumenical_altar_hidden_monk_grotto, roderic_roman_lattice
D:2:      layout_basic, serial_shops, nicolae_diamond_shop
D:3:      layout_loops_ring, kennysheep_boxes, uniq_natasha, uniq_ijyb,
          uniq_sigmund, uniq_crazy_yiuf_cottage

Skill      XL: |  1  2 |
---------------+-------+-----
Conjurations   | 2 |  2.4
Dodging        | |  2.1
Stealth        | |  2.0
Spellcasting   | |  2.4
Air Magic      | |  4.5

Action                   || total
-------------------------++-------
 Cast: Shock             ||    43
Armor: Robe              ||     1
Dodge: Dodged            ||     4

Table legend: (Time is in decaauts)
 A = Elapsed time spent in this place.
 B = Non-inter-level travel time spent in this place.
 C = Inter-level travel time spent in this place.
 D = Time resting spent in this place.
 E = Time spent auto-exploring this place.
 F = Levels seen in this place.
 G = Mean time per level.
                   A        B        C        D        E       F      G
               +--------+--------+--------+--------+--------+-----+--------+
         Total |   1561 |   1557 |      4 |    441 |    726 |   3 |  520.3 |
       Dungeon |   1561 |   1557 |      4 |    441 |    726 |   3 |  520.3 |
               +--------+--------+--------+--------+--------+-----+--------+

Top non-repeatable levels by time:
     D:2: 1283 daAuts
     D:1: 179 daAuts
     D:3: 98 daAuts
